 Dungeon Crawl Stone Soup version 0.30.1-9-gdf580d7c3d (webtiles) character file.

Game seed: 11169105398749799089

528 SacredBeard the Chopper (level 7, -4/63 HPs)
             Began as a Hill Orc Fighter on Oct 25, 2023.
             Was a Follower of Beogh.
             Slain by an orc warrior
             ... wielding a +0 glaive
              (16 damage)
             ... on level 4 of the Dungeon.
             The game lasted 00:07:56 (3184 turns).

SacredBeard the Chopper (Hill Orc Fighter)          Turns: 3184, Time: 00:07:57

Health: -4/63      AC: 12    Str: 21    XL:     7   Next: 23%
Magic:  9/9        EV:  9    Int:  8    God:    Beogh [*.....]
Gold:   116        SH:  5    Dex: 16    Spells: 6/6 levels left

rFire   . . .        w - +0 hand axe
rCold   . . .        c - +0 buckler
rNeg    . . .        b - +0 scale mail
rPois   .            v - +2 helmet
rElec   .            i - +0 cloak
rCorr   .            (no gloves)
SInv    .            l - +0 pair of boots
Will    .....        (no amulet) Stlth
                     j - +6 ring of dexterity
HPRegen 0.30/turn    (no ring)
MPRegen 0.11/turn

%: no passive effects
@: no status effects
A: no striking features
a: Renounce Religion


You were on level 4 of the Dungeon.
You worshipped Beogh.
Beogh was aware of your devotion.
You visited 1 branch of the dungeon, and saw 4 of its levels.

You collected 116 gold pieces.

Inventory:

Hand Weapons
 a - a +0 war axe
 r - a +1 mace of holy wrath
 w - a +0 hand axe (weapon)
Missiles
 u - a throwing net (quivered)
Armour
 b - a +0 scale mail (worn)
 c - a +0 buckler (worn)
 i - a +0 cloak (worn)
 l - a +0 pair of boots (worn)
 v - a +2 helmet (worn)
Jewellery
 j - a +6 ring of dexterity (left hand)
 m - a +6 ring of intelligence
Scrolls
 f - 3 scrolls of immolation {unknown}
 g - 2 scrolls of identify {unknown}
 k - a scroll of fear {unknown}
 q - 2 scrolls of teleportation {unknown}
 s - 2 scrolls of enchant weapon {unknown}
 y - a scroll of magic mapping {unknown}
 A - a scroll of vulnerability {unknown}
Potions
 d - 2 potions of might
 e - a potion of attraction {unknown}
 h - 2 potions of degeneration {unknown}
 n - 3 potions of mutation {unknown}
 o - a potion of haste {unknown}
 p - 2 potions of heal wounds {unknown}
 t - a potion of cancellation {unknown}
 x - a potion of lignification {unknown}
 z - a potion of curing {unknown}


   Skills:
 - Level 6.0 Fighting
 * Level 7.1 Axes
 - Level 4.0 Armour
 - Level 4.0 Shields
 + Level 2.7 Invocations


You had 6 spell levels left.
You didn't know any spells.
Your spell library contained the following spells:

 Spells                   Type           Power      Damage    Failure   Level
 Magic Dart               Conj           0%         1d3       80%         1
 Sting                    Tmut/Pois      0%         1d3       80%         1
 Call Imp                 Summ           0%         N/A       91%         2
 Poisonous Vapours        Pois/Air       0%         N/A       91%         2
 Static Discharge         Conj/Air       0%         2-2/arc   91%         2
 Mephitic Cloud           Conj/Pois/Air  0%         N/A       99%         3
 Airstrike                Air            0%         2d(0-16)  100%        4
 Olgreb's Toxic Radiance  Pois           0%         N/A       100%        4
 Summon Lightning Spire   Summ/Air       0%         N/A       100%        4
 Alistair's Intoxication  Tmut/Pois      0%         N/A       100%        5
 Borgnjor's Vile Clutch   Necr/Erth      0%         N/A       100%        5
 Eringya's Noxious Bog    Tmut/Pois      0%         N/A       100%        6


Dungeon Overview and Level Annotations

Branches:
Dungeon (4/15)
 Temple: D:4-7

Altars:
Cheibriados
Wu Jian

Shops:
D:1 :

Portals:
Abyss: D:3

Annotations:
D:3 2 transporters, Tamtam's ghost, novice KoEn


Message History

You are too injured to fight recklessly!
You are too injured to fight recklessly!
You closely miss the orc warrior.
The orc warrior is lightly wounded.
The orc warrior hits you but does no damage.
You hit the orc warrior but do no damage.
The orc warrior is lightly wounded.
The orc warrior hits you with a +0 glaive.
You hit the orc warrior but do no damage.
The orc warrior is lightly wounded.
The orc warrior closely misses you.
You barely miss the orc warrior.
The orc warrior is lightly wounded.
The orc warrior hits you with a +0 glaive.
You hit the orc warrior.
The orc warrior is lightly wounded.
The orc warrior closely misses you.
You hit the orc warrior but do no damage.
The orc warrior is lightly wounded.
The orc warrior hits you with a +0 glaive!
* * * LOW HITPOINT WARNING * * *
You hit the orc warrior but do no damage.
The orc warrior is lightly wounded.
The orc warrior hits you with a +0 glaive.
* * * LOW HITPOINT WARNING * * *
You hit the orc warrior.
The orc warrior is moderately wounded.
The orc warrior closely misses you.
You hit the orc warrior but do no damage.
The orc warrior is moderately wounded.
The orc warrior barely misses you.
You hit the orc warrior but do no damage.
The orc warrior is moderately wounded.
The orc warrior hits you with a +0 glaive.
* * * LOW HITPOINT WARNING * * *
You hit the orc warrior but do no damage.
The orc warrior is moderately wounded.
The orc warrior hits you with a +0 glaive!
You die...
Beogh appreciates the orc warrior's killing of a heretic priest.

. #.........#..... .#
..##....<..#.#)##.# . .
#........>........# .?
. ..#.......#.#)####
...#.
#.###..####.#.....
....###..........######
...#.##.#.######
#.####.)##.#.#
......o@.....#
......####.!## .....
#..# .... ...# ...
.##.# .. #. #.# . . ..#
## ###


You could see an orc warrior.

Vanquished Creatures
  Sigmund (D:2)
  An ogre (D:4)
  A hound (D:4)
  A sleepcap (D:4)
  2 orc wizards (D:4)
  A mummy (D:3)
  3 gnolls (D:4)
  3 adders
  3 worms
  4 dart slugs
  9 orcs
  4 ball pythons
  11 endoplasms
  3 giant cockroaches
  8 goblins
  5 hobgoblins
  5 jackals (D:1)
  9 kobolds
  A quokka (D:2)
  6 bats
  2 frilled lizards
  6 rats
89 creatures vanquished.

Vanquished Creatures (others)
  An orc (D:3)
  A quokka (D:2)
  A rat (D:3)
3 creatures vanquished.

Grand Total: 92 creatures vanquished

Notes
Turn   | Place    | Note
-------+----------+-------------------------------------------
     0 | D:1      | SacredBeard the Hill Orc Fighter began the quest for the
                  | Orb.
     0 | D:1      | Reached XP level 1. HP: 19/19 MP: 1/1
    87 | D:1      | Reached skill level 3 in Axes
    87 | D:1      | Reached XP level 2. HP: 26/27 MP: 2/2
   187 | D:1      | Found Ritoamaw's Book Shoppe.
   380 | D:1      | Found a faded altar of an unknown god.
   428 | D:1      | Reached XP level 3. HP: 33/33 MP: 3/3
  1177 | D:2      | Found an ornate altar of the Wu Jian Council.
  1206 | D:2      | Reached XP level 4. HP: 41/41 MP: 4/4
  1209 | D:2      | Reached skill level 4 in Axes
  1569 | D:2      | Noticed Sigmund
  1763 | D:3      | Became a worshipper of Beogh the Brigand
  1934 | D:3      | Reached XP level 5. HP: 45/47 MP: 5/5
  1985 | D:3      | Noticed a small abomination
  1988 | D:3      | Noticed a small abomination
  1998 | D:3      | Found a transporter.
  2003 | D:3      | Found a one-way gate to the infinite horrors of the Abyss.
  2003 | D:3      | Noticed Tamtam's ghost (novice KoEn)
  2016 | D:3      | Found a transporter.
  2150 | D:3      | Found a snail-covered altar of Cheibriados.
  2458 | D:2      | Killed Sigmund
  2459 | D:2      | Reached skill level 5 in Axes
  2459 | D:2      | Reached XP level 6. HP: 51/57 MP: 6/6
  2784 | D:4      | Reached skill level 6 in Axes
  2784 | D:4      | Reached skill level 1 in Invocations
  3000 | D:4      | Noticed an orc warrior
  3027 | D:4      | Reached * piety under Beogh
  3038 | D:4      | Reached skill level 7 in Axes
  3038 | D:4      | Reached XP level 7. HP: 31/63 MP: 8/8
  3184 | D:4      | Slain by an orc warrior

Illustrated notes

Levels and vault maps discovered:
D:1:      lemuel_arrival_behind_the_door_large, layout_basic,
          dreamdust_ecumenical_altar_hidden_monk_grotto, serial_shops, shop
D:2:      layout_rooms, basic_altar, uniq_sigmund
D:3:      layout_loops_ring, chei_slow_surprise, gammafunk_ghost_abyssal_escape,
          nicolae_elevator_lobby_plus
D:4:      layout_loops_cross, minmay_temple_entry_hall

Skill      XL: |  1  2  3  4  5  6 |
---------------+-------------------+-----
Axes           | 3 4 5 7 |  7.1
Fighting       | 4 6 |  6.0
Armour         | 4 |  4.0
Shields        | 4 |  4.0
Invocations    | 2 |  2.7

Action                     |  1- 3 |  4- 6 |  7- 9 || total
---------------------------+-------+-------+-------++-------
  Melee: War axe           |    96 |    88 |       ||   184
         Hand axe          |       |    65 |    23 ||    88
 Invoke: Convert to Beogh  |       |     1 |       ||     1
 Armour: Scale mail        |    57 |    64 |     6 ||   127
  Dodge: Dodged            |    56 |    48 |     7 ||   111
  Block: Buckler           |    25 |    21 |     4 ||    50
